 Dungeon Crawl Stone Soup version 0.13.0-11-g0187522 (webtiles) character file.

354 Deemzul the Chopper (level 5, -4/41 HPs)
             Began as a Demonspawn Fighter on Oct 18, 2013.
             Slain by an ogre
             ... wielding a +0,+0 giant spiked club
              (9 damage)
             ... on Level 4 of the Dungeon.
             The game lasted 00:04:41 (2801 turns).

Deemzul the Chopper (Demonspawn Fighter)            Turns: 2801, Time: 00:04:41

HP  -4/41        AC  6     Str 17      XL: 5   Next: 63%
MP   3/4         EV  6     Int  9      God:
Gold 135         SH 17     Dex 13      Spells:  0 memorised,  4 levels left

Res.Fire  : . . .   See Invis. : .   i - +0,+1 dwarf hand axe
Res.Cold  : . . .   Warding    : .   b - +0 scale mail
Life Prot.: . . .   Conserve   : .   c - +0 shield
Res.Poison: .       Res.Corr.  : .   (helmet restricted)
Res.Elec. : .       Clarity    : .   (no cloak)
Sust.Abil.: . .     Spirit.Shd : .   (no gloves)
Res.Mut.  : .       Rnd.Telep. : +   (no boots)
Res.Rott. : .       Flight     : .   (no amulet)
Saprovore : . . .                    (no ring)
                                     j - ring of teleportation

@: about to teleport, slightly resistant to hostile enchantments, fairly
stealthy
A: antennae 1, nightstalker 2
a: Evoke Teleportation


You were on level 4 of the Dungeon.
You were very hungry.

You visited 1 branch of the dungeon, and saw 4 of its levels.

You collected 115 gold pieces.

Inventory:

Hand weapons
 a - a +0,+0 hand axe {=f}
 i - a +0,+1 dwarven hand axe (weapon)
Armour
 b - a +0 scale mail (worn)
 c - a +0 shield (worn)
Comestibles
 d - 3 bread rations
 g - 2 meat rations
 l - a lemon
Scrolls
 h - 2 scrolls of remove curse
 m - a scroll of identify
 o - a scroll of enchant weapon I {unknown}
 p - a scroll of enchant weapon II {unknown}
 r - a scroll of enchant armour {unknown}
Jewellery
 j - a ring of teleportation (left hand)
Potions
 e - a potion of agility {unknown}


   Skills:
 - Level 3.0 Fighting
 * Level 5.0 Axes
 - Level 2.6 Armour
 - Level 2.1 Stealth
 - Level 2.6 Shields


You had 4 spell levels left.
You didn't know any spells.

Dungeon Overview and Level Annotations

Branches:
Dungeon (4/27)
 Temple: D:4-7

Altars:

Annotations:
D:3 Grinder, Terence


Innate Abilities, Weirdness & Mutations

You have a pair of small antennae on your head.
You are significantly more attuned to the shadows.


Message History

The scorpion is severely wounded.
You block the scorpion's attack.
You hit the scorpion but do no damage.
The scorpion is severely wounded.
You block the scorpion's attack.
You hit the scorpion.
You kill the scorpion!
Your Axes skill increases to level 5!
The ogre hits you with a giant spiked club!
* * * LOW HITPOINT WARNING * * *
Unknown command.
Use which ability? (? or * to list)
You fail to use your ability.
Drink which item? (? for menu, Esc to quit)
Okay, then.
Read which item? (? for menu, Esc to quit)
As you read the scroll of teleportation, it crumbles to dust.
You feel strangely unstable.
The ogre hits you with a giant spiked club!
You die...

#.# . . #.# .#
.. #.# .#
....#.# .#
....#.##.####
...............
#####s#<...##
###O#{...#
#.@.#z...#
#####......
#....# #....
..#


You could see an ogre and a scorpion.

Vanquished Creatures
  Sigmund (D:3)
  A scorpion (D:4)
  5 adders (D:2)
  2 worms
  A giant eyeball (D:3)
  A giant gecko (D:2)
  An ooze (D:1)
  5 orcs (D:3)
  A giant cockroach (D:2)
  10 hobgoblins
  5 jackals
  A quokka (D:2)
  5 bats
  5 giant newts
  6 goblins (D:1)
  5 kobolds
  3 rats (D:2)
58 creatures vanquished.

Notes
Turn   | Place    | Note
--------------------------------------------------------------
     0 | D:1      | Deemzul, the Demonspawn Fighter, began the quest for the Orb.
     0 | D:1      | Reached XP level 1. HP: 18/18 MP: 0/0
   243 | D:1      | Gained mutation: You are slightly more attuned to the shadows. [demonic ancestry]
   243 | D:1      | Reached XP level 2. HP: 22/24 MP: 1/1
   863 | D:2      | Reached skill level 1 in Stealth
   863 | D:2      | Gained mutation: You have a pair of small antennae on your head. [demonic ancestry]
   863 | D:2      | Reached XP level 3. HP: 27/30 MP: 2/2
  1754 | D:2      | Gained mutation: You are significantly more attuned to the shadows. [demonic ancestry]
  1754 | D:2      | Reached XP level 4. HP: 31/36 MP: 3/3
  2171 | D:3      | HP: 1/36 [orc (3)]
  2502 | D:3      | Reached skill level 4 in Axes
  2549 | D:3      | Noticed Sigmund
  2569 | D:3      | Killed Sigmund
  2569 | D:3      | Reached XP level 5. HP: 10/41 MP: 4/4
  2770 | D:3      | Noticed Grinder
  2771 | D:3      | Noticed Terence
  2776 | D:3      | Paralysed by Grinder for 2 turns
  2788 | D:4      | Noticed an ogre
  2798 | D:4      | Reached skill level 5 in Axes
  2801 | D:4      | Slain by an ogre

Action                   |  1- 3 |  4- 6 || total
-------------------------+-------+-------++-------
Melee: Hand axe          |   129 |    91 ||   220
 Abil: Evoke Teleportati |       |     1 ||     1
  Use: Potion            |       |     2 ||     2
       Scroll            |       |     4 ||     4
 Stab: Sleeping          |       |     3 ||     3
